 Dungeon Crawl Stone Soup version 0.17-a0-1914-gde4187c (webtiles) character file.

206 matakusis the Ducker (level 5, -1/60 HPs)
             Began as a Demonspawn Gladiator on Sept 26, 2015.
             Killed by nerve-wracking pain
             ... invoked by Menkaure
              (14 damage)
             ... on level 4 of the Dungeon.
             The game lasted 00:10:35 (2337 turns).

matakusis the Ducker (Demonspawn Gladiator)         Turns: 2337, Time: 00:10:35

Health: -1/60      AC:  7    Str: 20    XL:     5   Next: 53%
Magic:  5/5        EV: 14    Int:  9    God:
Gold:   75         SH:  0    Dex: 15    Spells: 0 memorised, 4 levels left

rFire  . . .     SeeInvis .     a - +0 war axe
rCold  . . .     Clarity  .     b - +1 leather armour
rNeg   + . .     SustAt   .     (no shield)
rPois  +         Gourm    .     (helmet restricted)
rElec  .         Spirit   .     (no cloak)
rCorr  .         Warding  .     (no gloves)
rMut   .         Stasis   .     (no boots)
MR     .....                    (no amulet)
Stlth  ..........               m - ring of positive energy
                                g - ring of poison resistance

@: berserking, very slightly contaminated, very quick, not resistant to hostile
enchantments, extremely unstealthy
A: horns 1, thin metallic scales 2
a: no special abilities


You were on level 4 of the Dungeon.
You were hungry.

You visited 1 branch of the dungeon, and saw 4 of its levels.

You collected 75 gold pieces.

Inventory:

Hand weapons
 a - a +0 war axe (weapon)
Missiles
 d - 4 throwing nets (quivered)
Armour
 b - a +1 leather armour (worn)
Jewellery
 g - a ring of poison resistance (left hand)
 h - an uncursed ring of poison resistance
 k - an uncursed ring of protection from cold
 m - a ring of positive energy (right hand)
Potions
 f - a potion of haste
 j - a potion of might
 p - 2 potions of heal wounds {unknown}
Comestibles
 c - a chunk of flesh
 e - a bread ration
 i - a slice of pizza


   Skills:
 + Level 2.9 Fighting
 + Level 3.5 Axes
 + Level 1.9 Throwing
 + Level 2.0 Armour
 * Level 4.1 Dodging


You had 4 spell levels left.
You didn't know any spells.

Dungeon Overview and Level Annotations

Branches:
Dungeon (4/15)
 Temple: D:4-7

Altars:
Elyvilon
Fedhas
Nemelex Xobeh

Annotations:
D:4 Menkaure


Innate Abilities, Weirdness & Mutations

You have a pair of small horns on your head.
You are mostly covered in thin metallic scales (AC +3).


Message History

Menkaure calls on the powers of darkness!
Your body is wracked with pain!
You see here 2 gold pieces.
Menkaure forgets how to to speak, silenced by the ages.
Menkaure casts a spell.
Menkaure seems to speed up.
Drink which item? (? for menu, Esc to quit)
A red film seems to cover your vision as you go berserk!
You feel yourself moving faster!
You feel mighty! Menkaure hits you!
You slash Menkaure!
Menkaure is moderately damaged.
Menkaure gestures at you while chanting.
Pain shoots through your body!
* * * LOW HITPOINT WARNING * * *
Menkaure closely misses you.
You slash Menkaure! You headbutt Menkaure.
Menkaure is almost destroyed.
Menkaure gestures at you while chanting.
Pain shoots through your body!
You die...

####...###..........
.... ..#.#.##.####
###.####.#.#.##.#
##.....##.#.#..#.#
#.......#...##.#.#
.#.......#.### ...#
....._.....## #..# ###
.#.......#..####..#.....
#.......#....$.@>..#
##.....##.......M..#
###.####..........#
................##
.................#
#####.############ ...
.#


You could see Menkaure.

Vanquished Creatures
  An ogre (D:4)
  A giant frog skeleton (D:4)
  3 adders
  A worm (D:2)
  2 ball pythons (D:3)
  6 bats
  4 giant cockroaches
  8 hobgoblins
  A ball python skeleton (D:4)
  4 giant newts
  8 goblins
  13 kobolds
  7 rats
59 creatures vanquished.

Notes
Turn   | Place    | Note
--------------------------------------------------------------
     0 | D:1      | matakusis the Demonspawn Gladiator began the quest for the Orb.
     0 | D:1      | Reached XP level 1. HP: 16/16 MP: 1/1
   404 | D:1      | Gained mutation: You are partially covered in thin metallic scales (AC +2). [demonic ancestry]
   404 | D:1      | Reached XP level 2. HP: 20/22 MP: 2/2
   576 | D:1      | You fall through a shaft!
   687 | D:1      | Reached skill level 3 in Dodging
   902 | D:2      | Reached XP level 3. HP: 22/27 MP: 3/3
  1353 | D:2      | Found a blossoming altar of Fedhas.
  1361 | D:2      | Found a white marble altar of Elyvilon.
  1475 | D:2      | Reached skill level 1 in Armour
  1874 | D:3      | Gained mutation: You have a pair of small horns on your head. [demonic ancestry]
  1874 | D:3      | Reached XP level 4. HP: 29/34 MP: 4/4
  2269 | D:4      | Noticed an ogre
  2277 | D:4      | Killed an ogre
  2277 | D:4      | Reached skill level 4 in Dodging
  2277 | D:4      | Gained mutation: You are mostly covered in thin metallic scales (AC +3). [demonic ancestry]
  2277 | D:4      | Reached XP level 5. HP: 40/40 MP: 5/5
  2307 | D:4      | Found a sparkling altar of Nemelex Xobeh.
  2330 | D:4      | Noticed Menkaure
  2337 | D:4      | Killed from afar by Menkaure

Vault maps used:
D:1:      minmay_arrival_stone_box
D:2:      overflow_temple_1_default, nicolae_overflow_hidden_temple,
          kennysheep_cross_room
D:4:      lemuel_crystal_altar, old_standard_altar, lemuel_doored_altar,
          minmay_misc_feat_ornament, nicolae_alphabet_shops, uniq_menkaure

Action                   |  1- 3 |  4- 6 || total
-------------------------+-------+-------++-------
Melee: War axe           |   138 |    39 ||   177
  Use: Scroll            |    10 |     1 ||    11
       Potion            |       |     3 ||     3
 Stab: Invisible         |       |     3 ||     3
       Sleeping          |       |     2 ||     2
  Eat: Chunk             |     3 |     1 ||     4
